AA
AUBURN VENOM @ SACRAMENTO AMISH
06/08/2060
 
TOP OF THE 1ST
Auburn Venom batting - Pitching for Sacramento Amish : LHP Tommy McGue
Pitching: LHP Tommy McGue
Batting: RHB Ebenezer N'Gotho 0-0: Ball
1-0: Ball
2-0: Called Strike
2-1: Reached on error, E6 (Groundball, 6M, EV 80.6 MPH)
Batting: LHB James Fessler 0-0: Ball
1-0: Called Strike
1-1: Foul Ball, location: 2F
1-2: Grounds into double play, 5-4-3 (Groundball, 56, EV 103.8 MPH)
Batting: RHB Jaime Herring 0-0: Foul Ball, location: 2F
0-1: Ball
1-1: Foul Ball, location: 2F
1-2: Ball
2-2: Foul Ball, location: 2F
2-2: Fly out, F9 (Flyball, 9LMF, EV 92.5 MPH)
Top of the 1st over - 0 runs, 0 hits, 1 error, 0 left on base; Auburn 0 - Sacramento 0
BOTTOM OF THE 1ST
Sacramento Amish batting - Pitching for Auburn Venom : RHP Matt Benjaminson
Pitching: RHP Matt Benjaminson
Batting: RHB Blake Allen 0-0: Ball
1-0: Ball
2-0: DOUBLE (Line Drive, 3D, EV 95.0 MPH)
Batting: RHB Rory Elia Jr. 0-0: Ball
1-0: Swinging Strike
1-1: Swinging Strike
1-2: Ball
2-2: Ground out 3-1 (Groundball, 34, EV 85.6 MPH)
Blake Allen to third
Batting: SHB Brady Hill 0-0: Called Strike
0-1: DOUBLE (Line Drive, 8RXD, EV 98.8 MPH)
Blake Allen scores
Batting: RHB Adrian Gramling 0-0: Called Strike
0-1: Called Strike
Brady Hill is caught stealing 3rd base 2-5
0-2: Ball
1-2: Ball
2-2: Foul Ball, location: 2F
2-2: DOUBLE (Line Drive, 8RXD, EV 102.5 MPH) - OUT at third base trying to stretch hit.
Bottom of the 1st over - 1 run, 3 hits, 0 errors, 0 left on base; Auburn 0 - Sacramento 1
TOP OF THE 2ND
Auburn Venom batting - Pitching for Sacramento Amish : LHP Tommy McGue
Batting: RHB Martin Robbins 0-0: SINGLE (Groundball, 6MD, EV 99.4 MPH)
Batting: LHB Jaleen Edgell 0-0: Fielders Choice at 2nd, 1-6 (Groundball, 34S, EV 71.2 MPH)
Batting: RHB J.C. Creamer 0-0: Ball
1-0: Called Strike
1-1: Ball
2-1: Fly out, F9 (Flyball, 9D, EV 91.9 MPH)
Batting: RHB Zachary Nelson 0-0: Called Strike
0-1: Swinging Strike
0-2: Ball
1-2: Strikes out looking
Top of the 2nd over - 0 runs, 1 hit, 0 errors, 1 left on base; Auburn 0 - Sacramento 1
BOTTOM OF THE 2ND
Sacramento Amish batting - Pitching for Auburn Venom : RHP Matt Benjaminson
Batting: RHB Shelton Gallegos 0-0: Called Strike
0-1: Swinging Strike
0-2: Foul Ball, location: 2F
0-2: Ball
1-2: Foul Ball, location: 2F
1-2: Ball
2-2: Strikes out looking
Batting: RHB Nickolas Keyes 0-0: Called Strike
0-1: Ball
1-1: Fly out, F8 (Flyball, 8LS, EV 78.8 MPH)
Batting: RHB Stefan Flynn 0-0: Called Strike
0-1: Called Strike
0-2: Ball
1-2: Fly out, F9 (Line Drive, 9, EV 94.4 MPH)
Bottom of the 2nd over - 0 runs, 0 hits, 0 errors, 0 left on base; Auburn 0 - Sacramento 1
TOP OF THE 3RD
Auburn Venom batting - Pitching for Sacramento Amish : LHP Tommy McGue
Batting: LHB Isaac Pierce 0-0: Foul Ball, location: 2F
0-1: Ball
1-1: Fly out, F8 (Flyball, 8LM, EV 86.9 MPH)
Batting: LHB Trevor Paige 0-0: Called Strike
0-1: Fly out, F3 (Popup, 3SF, EV 85.6 MPH)
Batting: RHB Ebenezer N'Gotho 0-0: Ground out 5-3 (Groundball, 5, EV 81.9 MPH)
Top of the 3rd over - 0 runs, 0 hits, 0 errors, 0 left on base; Auburn 0 - Sacramento 1
BOTTOM OF THE 3RD
Sacramento Amish batting - Pitching for Auburn Venom : RHP Matt Benjaminson
Batting: RHB Marcus McGraw 0-0: Ball
1-0: Foul Ball, location: 2F
1-1: Foul Ball, location: 2F
1-2: Foul Ball, location: 2F
1-2: Ball
2-2: Strikes out swinging
Batting: RHB Louis Leighton 0-0: Foul Ball, location: 2F
0-1: Called Strike
0-2: Ball
1-2: Ball
2-2: Strikes out swinging
Batting: RHB Blake Allen 0-0: Fly out, F9 (Flyball, 9S, EV 83.1 MPH)
Bottom of the 3rd over - 0 runs, 0 hits, 0 errors, 0 left on base; Auburn 0 - Sacramento 1
TOP OF THE 4TH
Auburn Venom batting - Pitching for Sacramento Amish : LHP Tommy McGue
Batting: LHB James Fessler 0-0: Ball
1-0: Ground out 3-1 (Groundball, 34, EV 83.8 MPH)
Batting: RHB Jaime Herring 0-0: Foul Ball, location: 2F
0-1: Ball
1-1: Called Strike
1-2: SINGLE (Line Drive, 4MD, EV 103.1 MPH)
Batting: RHB Martin Robbins 0-0: Ball
1-0: Called Strike
1-1: Called Strike
1-2: Strikes out swinging
Batting: LHB Jaleen Edgell 0-0: Ball
1-0: Called Strike
1-1: Ball
2-1: Ball
3-1: SINGLE (Flyball, 9S, EV 95.6 MPH)
Jaime Herring to second
Runner from 2nd tries for 3rd, SAFE, throw by RF made to third
Batting: RHB J.C. Creamer 0-0: Ball
1-0: Called Strike
1-1: Swinging Strike
1-2: Ball
2-2: Foul Ball, location: 2F
2-2: Foul Ball, location: 2F
2-2: Foul Ball, location: 2F
2-2: Foul Ball, location: 2F
2-2: Ball
3-2: Strikes out swinging
Top of the 4th over - 0 runs, 2 hits, 0 errors, 2 left on base; Auburn 0 - Sacramento 1
BOTTOM OF THE 4TH
Sacramento Amish batting - Pitching for Auburn Venom : RHP Matt Benjaminson
Batting: RHB Rory Elia Jr. 0-0: Ball
1-0: Foul Ball, location: 2F
1-1: Fly out, F7 (Flyball, 7S, EV 75.6 MPH)
Batting: SHB Brady Hill 0-0: Ball
1-0: Ball
2-0: Ground out 4-3 (Groundball, 4, EV 89.4 MPH)
Batting: RHB Adrian Gramling 0-0: Called Strike
0-1: Ball
1-1: SOLO HOME RUN (Flyball, 78XD, EV 115.0 MPH), Distance : 463 ft
Batting: RHB Shelton Gallegos 0-0: Swinging Strike
0-1: Foul Ball, location: 2F
0-2: Foul Ball, location: 2F
0-2: Ball
1-2: Ball
2-2: Ground out 6-3 (Groundball, 6, EV 86.9 MPH)
Bottom of the 4th over - 1 run, 1 hit, 0 errors, 0 left on base; Auburn 0 - Sacramento 2
TOP OF THE 5TH
Auburn Venom batting - Pitching for Sacramento Amish : LHP Tommy McGue
Batting: RHB Zachary Nelson 0-0: Swinging Strike
0-1: Foul Ball, location: 2F
0-2: Ground out 6-3 (Groundball, 6, EV 100.0 MPH)
Batting: LHB Isaac Pierce 0-0: Fly out, F9 (Flyball, 9D, EV 98.1 MPH)
Batting: LHB Trevor Paige 0-0: Foul Ball, location: 2F
0-1: Foul Ball, location: 2F
0-2: Ground out 4-3 (Groundball, 4S, EV 88.8 MPH)
Top of the 5th over - 0 runs, 0 hits, 0 errors, 0 left on base; Auburn 0 - Sacramento 2
BOTTOM OF THE 5TH
Sacramento Amish batting - Pitching for Auburn Venom : RHP Matt Benjaminson
Batting: RHB Nickolas Keyes 0-0: Fly out, F5 (Popup, 25, EV 83.8 MPH)
Batting: RHB Stefan Flynn 0-0: Foul Ball, location: 2F
0-1: Ball
1-1: Swinging Strike
1-2: Ball
2-2: Foul Ball, location: 2F
2-2: TRIPLE (Flyball, 78XD, EV 93.1 MPH)
Batting: RHB Marcus McGraw 0-0: Swinging Strike
0-1: Ground out 5-3 (Groundball, 5, EV 94.4 MPH)
Batting: RHB Louis Leighton 0-0: Called Strike
0-1: Called Strike
0-2: Strikes out looking
Bottom of the 5th over - 0 runs, 1 hit, 0 errors, 1 left on base; Auburn 0 - Sacramento 2
TOP OF THE 6TH
Auburn Venom batting - Pitching for Sacramento Amish : LHP Tommy McGue
Batting: RHB Ebenezer N'Gotho 0-0: Foul Ball, location: 2F
0-1: Swinging Strike
0-2: Ground out 6-3 (Groundball, 6, EV 102.5 MPH)
Batting: LHB James Fessler 0-0: Ball
1-0: Foul Ball, location: 2F
1-1: Fly out, F9 (Flyball, 9D, EV 98.1 MPH)
Batting: RHB Jaime Herring 0-0: Called Strike
0-1: Foul Ball, location: 2F
0-2: Ball
1-2: Ball
2-2: Foul Ball, location: 2F
2-2: Ball
3-2: SINGLE (Line Drive, 9, EV 100.6 MPH)
Batting: RHB Martin Robbins 0-0: Ball
1-0: Ball
2-0: Swinging Strike
2-1: Swinging Strike
2-2: Ball
3-2: Ground out U3 (Groundball, 3S, EV 84.4 MPH)
Top of the 6th over - 0 runs, 1 hit, 0 errors, 1 left on base; Auburn 0 - Sacramento 2
BOTTOM OF THE 6TH
Sacramento Amish batting - Pitching for Auburn Venom : RHP Matt Benjaminson
Batting: RHB Blake Allen 0-0: Ball
1-0: Called Strike
1-1: Ball
2-1: Called Strike
2-2: Fly out, F7 (Flyball, 7S, EV 91.9 MPH)
Batting: RHB Rory Elia Jr. 0-0: Called Strike
0-1: Fly out, F8 (Flyball, 8RM, EV 77.5 MPH)
Batting: SHB Brady Hill 0-0: Ball
1-0: SINGLE (Groundball, 4MS, EV 70.6 MPH) (infield hit)
Batting: RHB Adrian Gramling 0-0: Ball
1-0: DOUBLE (Line Drive, 9LS, EV 113.8 MPH)
Brady Hill to third
Runner from 3rd tries for Home, SAFE, throw by RF to home
Batting: RHB Shelton Gallegos 0-0: Foul Ball, location: 2F
0-1: Ball
1-1: Foul Ball, location: 2F
1-2: Ball
2-2: Ball
3-2: Ground out 6-3 (Groundball, 6M, EV 103.1 MPH)
Bottom of the 6th over - 1 run, 2 hits, 0 errors, 1 left on base; Auburn 0 - Sacramento 3
TOP OF THE 7TH
Auburn Venom batting - Pitching for Sacramento Amish : LHP Tommy McGue
Batting: LHB Jaleen Edgell 0-0: Called Strike
0-1: Ball
1-1: Ball
2-1: Ball
3-1: Fly out, F8 (Flyball, 78M, EV 91.2 MPH)
Batting: RHB J.C. Creamer 0-0: Called Strike
0-1: Ball
1-1: Ball
2-1: Ball
3-1: Foul Ball, location: 2F
3-2: Base on Balls
Batting: RHB Zachary Nelson 0-0: Swinging Strike
J.C. Creamer is caught stealing 2nd base 2-4
0-1: Foul Ball, location: 2F
0-2: Ball
1-2: Ball
2-2: Ball
3-2: Foul Ball, location: 2F
3-2: Base on Balls
Batting: LHB Isaac Pierce
Pinch Hitting: RHB Dario Dokter 0-0: Ball
1-0: Ball
2-0: Ball
3-0: Called Strike
3-1: Called Strike
3-2: SINGLE (Groundball, 4S, EV 70.6 MPH) (infield hit)
Zachary Nelson to second
Pitching: RHP Tyree Hines
Batting: LHB Trevor Paige 0-0: Called Strike
0-1: Swinging Strike
0-2: Foul Ball, location: 2F
0-2: Ball
1-2: Ball
2-2: Strikes out swinging
Top of the 7th over - 0 runs, 1 hit, 0 errors, 2 left on base; Auburn 0 - Sacramento 3
BOTTOM OF THE 7TH
Sacramento Amish batting - Pitching for Auburn Venom : RHP Matt Benjaminson
Now in CF: James Fessler
Now in RF: Dario Dokter
Batting: RHB Nickolas Keyes 0-0: Called Strike
0-1: SINGLE (Line Drive, 89M, EV 109.4 MPH)
Batting: RHB Stefan Flynn 0-0: Bunted foul
0-1: Sac Bunt to 15 - play at first, batter OUT! 1-3
Nickolas Keyes to second
Pitching: RHP Phillip Harrison
Batting: RHB Marcus McGraw 0-0: Swinging Strike
0-1: Ball
1-1: Ball
2-1: Ball
3-1: Fly out, F8 (Flyball, 8LD, EV 103.8 MPH)
Batting: RHB Louis Leighton 0-0: Ball
1-0: Foul Ball, location: 2F
1-1: Swinging Strike
1-2: Strikes out looking
Bottom of the 7th over - 0 runs, 1 hit, 0 errors, 1 left on base; Auburn 0 - Sacramento 3
TOP OF THE 8TH
Auburn Venom batting - Pitching for Sacramento Amish : RHP Tyree Hines
Batting: RHB Ebenezer N'Gotho 0-0: Ball
1-0: Foul Ball, location: 2F
1-1: Ball
2-1: Ball
3-1: Foul Ball, location: 2F
3-2: Ground out 6-3 (Groundball, 6MS, EV 73.1 MPH)
Batting: LHB James Fessler 0-0: Called Strike
0-1: Foul Ball, location: 2F
0-2: Strikes out swinging
Batting: RHB Jaime Herring 0-0: Called Strike
0-1: Called Strike
0-2: Ball
1-2: Ball
2-2: Strikes out looking
Top of the 8th over - 0 runs, 0 hits, 0 errors, 0 left on base; Auburn 0 - Sacramento 3
BOTTOM OF THE 8TH
Sacramento Amish batting - Pitching for Auburn Venom : RHP Phillip Harrison
Batting: RHB Blake Allen 0-0: Ball
1-0: SINGLE (Groundball, 56D, EV 97.5 MPH)
Batting: RHB Rory Elia Jr. 0-0: Ball
1-0: Ball
2-0: Ball
3-0: Called Strike
3-1: Called Strike
3-2: Strikes out looking
Batting: SHB Brady Hill 0-0: Ball
Blake Allen steals 2nd, throwing error, E2
Blake Allen to third
1-0: Called Strike
1-1: Fly out, F8 (Flyball, 8LM, EV 90.6 MPH)
Runner from 3rd tags up, SCORES, no throw by CF
Batting: RHB Adrian Gramling 0-0: Ball
1-0: Called Strike
1-1: Ball
2-1: Foul Ball, location: 2F
2-2: Fly out, F8 (Flyball, 8LS, EV 89.4 MPH)
Bottom of the 8th over - 1 run, 1 hit, 1 error, 0 left on base; Auburn 0 - Sacramento 4
TOP OF THE 9TH
Auburn Venom batting - Pitching for Sacramento Amish : RHP Tyree Hines
Batting: RHB Martin Robbins 0-0: Ground out 4-3 (Groundball, 4, EV 102.5 MPH)
Batting: LHB Jaleen Edgell 0-0: SINGLE (Groundball, 56D, EV 105.0 MPH)
Batting: RHB J.C. Creamer 0-0: Foul Ball, location: 2F
0-1: Ball
1-1: Ball
2-1: Foul Ball, location: 2F
2-2: Foul Ball, location: 2F
2-2: Ball
3-2: Foul Ball, location: 2F
3-2: Foul Ball, location: 2F
3-2: Base on Balls
Jaleen Edgell to second
Batting: RHB Zachary Nelson 0-0: Called Strike
0-1: Called Strike
0-2: Ball
1-2: Ball
2-2: Strikes out swinging
Batting: RHB Dario Dokter 0-0: Ball
1-0: Called Strike
1-1: Ball
2-1: Foul Ball, location: 2F
2-2: Ball
3-2: SINGLE (Line Drive, 56, EV 96.2 MPH)
Jaleen Edgell to third
J.C. Creamer to second
Jaleen Edgell scores
J.C. Creamer to third
Batting: LHB Trevor Paige 0-0: Ball
1-0: Ground out 4-3 (Groundball, 4, EV 86.2 MPH)
Top of the 9th over - 1 run, 2 hits, 0 errors, 2 left on base; Auburn 1 - Sacramento 4
Tuesday, May 7th , 2024 - OOTP Baseball 23.10 Build 110